 Dungeon Crawl Stone Soup version 0.29-a0-575-g0dc89cf053 (webtiles) character file.

Game seed: 12175639937088939420

2182 polve the Fighter (level 9, -3/48 (51) HPs)
             Began as a Vine Stalker Fighter on June 12, 2022.
             Was the Champion of Uskayaw.
             Killed from afar by a white imp (11 damage)
             ... with a puff of frost
             ... on level 7 of the Dungeon.
             The game lasted 00:12:57 (6795 turns).

polve the Fighter (Vine Stalker Fighter)            Turns: 6795, Time: 00:12:57

HP:   -3/48 (51)    AC:  5    Str: 23    XL:     9   Next: 33%
MP:   0/11          EV: 11    Int:  8    God:    Uskayaw [******]
Gold: 382           SH:  5    Dex: 14    Spells: 8/8 levels left

rFire   . . .      SeeInvis .   a - +0 rapier
rCold   . . .      Faith    +   c - +0 buckler
rNeg    . . .      Spirit   +   b - +0 scale mail
rPois   .          Reflect  .   w - +0 helmet
rElec   .          Harm     .   (no cloak)
rCorr   .          Rampage  .   (no gloves)
Will    +....                   y - +0 pair of boots
Stlth   +.........              D - amulet of faith
HPRegen 0.96/turn               (no ring)
MPRegen 0.12/turn               (no ring)

@: corroded, drained
A: fangs 3, regeneration 1, magic shield, antimagic bite, no potion heal 2
a: Renounce Religion, Stomp, Line Pass, Grand Finale


You were on level 7 of the Dungeon.
You worshipped Uskayaw.
Uskayaw was noncommittal.
You visited 2 branches of the dungeon, and saw 8 of its levels.

You collected 382 gold pieces.

Inventory:

Hand Weapons
 a - a +0 rapier (weapon)
Armour
 b - a +0 scale mail (worn)
 c - a +0 buckler (worn)
 o - a +2 leather armour of cold resistance
 w - a +0 helmet (worn)
 y - a +0 pair of boots (worn)
Jewellery
 D - an amulet of faith (around neck)
Wands
 C - a wand of mindburst (34)
Scrolls
 e - 5 scrolls of immolation
 f - a scroll of poison
 g - a scroll of enchant armour
 h - a scroll of fear
 j - 4 scrolls of amnesia
 n - a scroll of torment
 s - 2 scrolls of blinking
 t - a scroll of vulnerability
 u - 2 scrolls of enchant weapon
 v - 3 scrolls of teleportation
 x - a scroll of magic mapping
 E - a scroll of brand weapon
Potions
 d - a potion of cancellation {unknown}
 i - a potion of degeneration {unknown}
 k - 3 potions of curing
 l - a potion of resistance {unknown}
 m - a potion of lignification {unknown}
 p - 3 potions of mutation {unknown}
 q - 2 potions of might
 r - a potion of flight {unknown}
 z - a potion of attraction {unknown}
 A - 2 potions of experience {unknown}
 B - a potion of magic {unknown}


   Skills:
 - Level 8.0 Fighting
 * Level 4.6 Short Blades
 - Level 4.0 Armour
 - Level 4.0 Dodging
 + Level 2.0 Stealth
 - Level 4.0 Shields
 + Level 1.4 Invocations


You had 8 spell levels left.
You didn't know any spells.
Your spell library contained the following spells:

 Spells                   Type           Power      Damage    Failure   Level
 Magic Dart               Conj           0%         1d3       80%         1
 Sandblast                Erth           0%         2d4       80%         1
 Slow                     Hex            0%         N/A       80%         1
 Sting                    Tmut/Pois      0%         1d3       80%         1
 Passwall                 Tmut/Erth      0%         N/A       91%         2
 Poisonous Vapours        Pois/Air       0%         N/A       91%         2
 Searing Ray              Conj           0%         2d4       91%         2
 Call Canine Familiar     Summ           0%         N/A       99%         3
 Confusing Touch          Hex            0%         N/A       99%         3
 Ignite Poison            Fire/Tmut/Pois 0%         N/A       99%         3
 Mephitic Cloud           Conj/Pois/Air  0%         N/A       99%         3
 Portal Projectile        Hex/Tloc       0%         N/A       99%         3
 Stone Arrow              Conj/Erth      0%         3d7       99%         3
 Vampiric Draining        Necr           0%         2d6       99%         3
 Corpse Rot               Necr/Pois/Air  0%         N/A       100%        4
 Dispel Undead            Necr           0%         3d6       100%        4
 Fulminant Prism          Conj/Hex       0%         3d6       100%        4
 Leda's Liquefaction      Hex/Erth       0%         N/A       100%        4
 Olgreb's Toxic Radiance  Pois           0%         N/A       100%        4
 Freezing Cloud           Conj/Ice/Air   0%         6-21      100%        5
 Death Channel            Necr           0%         N/A       100%        6


Dungeon Overview and Level Annotations

Branches:
Dungeon (7/15)             Temple (1/1) D:5

Altars:
Ashenzari
Dithmenos
Fedhas
Gozag
Kikubaaqudgha
Makhleb
Okawaru
Qazlal
Sif Muna
Trog
Uskayaw
Wu Jian
Yredelemnul
Zin
The Shining One

Shops:
D:2 [*

Annotations:
D:5 3 runed translucent doors, Sapher's ghost, weakling MeTm


Innate Abilities, Weirdness & Mutations

You have razor-sharp teeth.
Your natural rate of healing is unusually fast.
When hurt, damage is shared between your health and your magic reserves.
Your bite disrupts and absorbs the magic of your enemies.
Potions cannot restore your health.


Message History

You feel drained.
You hit the jelly.
You kill the jelly!
The wight hits you from afar with a +0 trident!
* * * LOW HITPOINT WARNING * * *
You feel drained.
Your Stealth skill increases to level 2!
A white imp comes into view.
The white imp shouts!
The sky beast flickers out of sight!
Deactivating autopickup; reactivate with Ctrl-A.
The white imp picks up a beetle and eats it.
A sky beast appears from thin air!
Reactivating autopickup.
The white imp misses you.
Items here: $ ( )) [[.
Aiming: Line Pass
Press: ? - help, Dir - move target, f - white imp
Aim: a white imp You can't stand on top of the monster!
Aiming: Line Pass
Press: ? - help, Dir - move target, p - white imp The white imp appears confused.
A kobold comes into view.
It is wielding a +0 club and quivering poisoned darts.
The kobold shouts!
You hear a shout!
The white imp barely misses you.
The white imp barely misses itself.
Uskayaw links your audience in an emotional bond!
The white imp seems less confused.
The sky beast flickers out of sight!
Deactivating autopickup; reactivate with Ctrl-A.
The white imp is no longer sharing its pain.
The kobold is no longer sharing its pain.
The kobold throws a poisoned dart.
The poisoned dart hits you!
You are poisoned.
The white imp gestures at you. The puff of frost hits you!
* * * LOW HITPOINT WARNING * * *
Your system rejects the healing.
You feel better. The white imp gestures at you. The puff of frost hits you!
You die...

# #............. #.....
#..#.).......... #.....
#....))....!.... ##.<.#
#..###.......# ##'##
##.##....K.# #....
#..zo{.....# #....
##.##5.....###+#### #####
#ยง#..............#####.#
#)#####@.........'..>...
#....o#{...##.........#......
#..o.# .....#....)....#######
##..# .....#....##+#........
### .....#....#..#........
#...##....+..#........
####.....#..#........
......#..##'#..... .
#.....#...).


You could see a wight, an orc wizard, a white imp and a kobold.

Vanquished Creatures
  Prince Ribbit (D:7)
  A water moccasin (D:7)
  An orc warrior (D:7)
  An ice beast (D:5)
  A sky beast (D:7)
  An ogre (D:5)
  A centaur (D:5)
  A bullfrog (D:7)
  4 necrophages
  4 scorpions
  3 hounds
  4 jellies
  An orc priest (D:4)
  3 iguanas
  2 gnoll shamans
  Ijyb (D:5)
  Natasha (thrice) (D:2 D:1)
  3 orc wizards
  21 gnolls
  5 adders
  A white imp (D:6)
  An ufetubus (D:4)
  12 orcs
  8 endoplasms
  7 giant cockroaches
  7 goblins
  7 hobgoblins
  5 jackals
  4 quokkas
  12 ball pythons
  7 bats
  4 frilled lizards
  6 kobolds
  6 rats
149 creatures vanquished.

Vanquished Creatures (others)
  A wizard (D:7)
1 creature vanquished.

Grand Total: 150 creatures vanquished

Notes
Turn   | Place    | Note
-------+----------+-------------------------------------------
     0 | D:1      | polve the Vine Stalker Fighter began the quest for the Orb.
     0 | D:1      | Reached XP level 1. HP: 11/11 MP: 2/2
   245 | D:1      | Reached XP level 2. HP: 16/16 MP: 3/3
   866 | D:1      | Reached XP level 3. HP: 12/19 MP: 2/4
  1711 | D:2      | Noticed Natasha
  1723 | D:2      | Killed Natasha
  1748 | D:2      | Noticed Natasha
  1757 | D:2      | Killed Natasha
  1758 | D:2      | Gained mutation: Your natural rate of healing is unusually
                  | fast. [Vine Stalker growth]
  1758 | D:2      | Reached XP level 4. HP: 2/23 MP: 2/5
  1994 | D:2      | Reached skill level 3 in Fighting
  2263 | D:2      | Found Meowyawi's Antique Armour Emporium.
  2263 | D:2      | Noticed Natasha
  2278 | D:1      | Killed Natasha
  2279 | D:1      | Reached XP level 5. HP: 27/28 MP: 6/6
  2485 | D:2      | Found Zilis's Assorted Antiques.
  2520 | D:3      | Found a faded altar of an unknown god.
  2867 | D:3      | Found a broken altar of Ashenzari.
  3063 | D:3      | Reached skill level 4 in Fighting
  3329 | D:4      | Reached skill level 5 in Fighting
  3329 | D:4      | Reached XP level 6. HP: 35/35 MP: 7/7
  3539 | D:4      | Reached XP level 7. HP: 29/39 MP: 5/8
  3645 | D:4      | Reached skill level 6 in Fighting
  4087 | D:4      | Found an ancient bone altar of Kikubaaqudgha.
  4525 | D:5      | Entered Level 5 of the Dungeon
  4830 | D:5      | Found a runed translucent gate.
  4830 | D:5      | Found a runed translucent gate.
  4830 | D:5      | Found a runed translucent gate.
  4832 | D:5      | Noticed Sapher's ghost (weakling MeTm)
  4857 | D:5      | Found a staircase to the Ecumenical Temple.
  4867 | D:5      | Reached skill level 7 in Fighting
  4874 | Temple   | Entered the Ecumenical Temple
  4897 | Temple   | Became a worshipper of Uskayaw the Reveller
  4960 | D:5      | Reached * piety under Uskayaw
  4969 | D:5      | Reached ** piety under Uskayaw
  4970 | D:5      | Reached skill level 1 in Dodging
  4970 | D:5      | Gained mutation: You have razor-sharp teeth. [Vine Stalker
                  | growth]
  4970 | D:5      | Reached XP level 8. HP: 30/46 MP: 5/9
  5285 | D:5      | Noticed Ijyb
  5293 | D:5      | Reached *** piety under Uskayaw
  5308 | D:5      | Killed Ijyb
  5308 | D:5      | Reached **** piety under Uskayaw
  6633 | D:7      | Reached skill level 8 in Fighting
  6641 | D:7      | Found a bloodstained altar of Trog.
  6642 | D:7      | Noticed a wizard
  6647 | D:7      | Killed a wizard
  6665 | D:7      | Noticed Prince Ribbit
  6674 | D:7      | Killed Prince Ribbit
  6675 | D:7      | Reached XP level 9. HP: 39/51 MP: 7/10
  6743 | D:7      | Reached ***** piety under Uskayaw
  6752 | D:7      | Reached ****** piety under Uskayaw
  6753 | D:7      | Reached skill level 1 in Stealth
  6773 | D:7      | Reached skill level 1 in Invocations
  6795 | D:7      | Killed from afar by a white imp

Illustrated notes

Levels and vault maps discovered:
D:1:      kennysheep_arrival_seaside, layout_basic
D:2:      kennysheep_six_static_rooms, layout_rooms, serial_shops, shop,
          nicolae_shop_trees, uniq_natasha
D:3:      layout_basic, mainiacjoe_overflow_surrounded_room,
          nicolae_ecumenical_oubliette
D:4:      layout_basic, mainiacjoe_overflow_alcove_2, minmay_quadrilaterals
D:5:      layout_loops_ring, minmay_temple_entry_waves,
          ebering_ghost_rock_garden, uniq_ijyb
D:6:      layout_cave_pods, abandoned_shop
D:7:      layout_gridville, grunt_temple_overflow_cloverleaf, trog_wizard,
          minmay_joined_circles, uniq_prince_ribbit1
Temple:   nicolae_temple_hex_pool

Skill      XL: |  1  2  3  4  5  6  7  8  9 |
---------------+----------------------------+-----
Short Blades   | 2 3 4 |  4.6
Fighting       | 3 5 7 8 |  8.0
Armour         | 3 4 |  4.0
Shields        | 3 4 |  4.0
Dodging        | 1 3 4 |  4.0
Stealth        | 2 |  2.0
Invocations    | 1 |  1.4

Action                   |  1- 3 |  4- 6 |  7- 9 || total
-------------------------+-------+-------+-------++-------
Melee: Rapier            |    88 |   157 |   328 ||   573
       Bite              |    27 |    40 |   102 ||   169
Invok: Line Pass         |       |       |     1 ||     1
  Use: Potion            |     1 |       |     1 ||     2
       Scroll            |       |       |    13 ||    13
 Stab: Sleeping          |       |     2 |       ||     2
       Paralysed         |       |       |     6 ||     6
Armor: Scale mail        |    37 |     4 |    81 ||   122
       Leather armour    |       |    42 |    12 ||    54
Dodge: Dodged            |    35 |    77 |   130 ||   242
Block: Buckler           |    16 |    32 |    68 ||   116

Table legend: (Time is in decaauts)
 A = Elapsed time spent in this place.
 B = Non-inter-level travel time spent in this place.
 C = Inter-level travel time spent in this place.
 D = Time resting spent in this place.
 E = Time spent auto-exploring this place.
 F = Levels seen in this place.
 G = Mean time per level.
                   A        B        C        D        E       F      G
               +--------+--------+--------+--------+--------+-----+--------+
         Total |   6833 |   6483 |    350 |      0 |   5161 |   8 |  854.1 |
       Dungeon |   6760 |   6418 |    342 |      0 |   5113 |   7 |  965.7 |
        Temple |     72 |     65 |      7 |      0 |     48 |   1 |   72.0 |
               +--------+--------+--------+--------+--------+-----+--------+

Top non-repeatable levels by time:
     D:1: 1703 daAuts
     D:4: 1249 daAuts
     D:6: 1018 daAuts
     D:5: 929 daAuts
     D:2: 834 daAuts
     D:3: 824 daAuts
     D:7: 200 daAuts
  Temple: 72 daAuts
